 Dungeon Crawl Stone Soup version 0.22-a0-455-ga0624bf (webtiles) character file.

1906 KristoblXynda the Cleaver (level 8, -5/68 HPs)
             Began as a Deep Dwarf Fighter on June 5, 2018.
             Killed by divine providence
             ... invoked by an orc priest
              (10 damage)
             ... on level 6 of the Dungeon.
             The game lasted 00:12:56 (4955 turns).

KristoblXynda the Cleaver (Deep Dwarf Fighter)      Turns: 4955, Time: 00:12:57

Health: -5/68      AC: 14    Str: 21    XL:     8   Next: 94%
Magic:  6/6        EV:  6    Int: 10    God:
Gold:   269        SH: 11    Dex: 12    Spells: 7/7 levels left

rFire    . . .     SeeInvis .   a - +1 war axe
rCold    . . .     Gourm    .   c - +0 shield
rNeg     . . .     Faith    .   n - +0 chain mail
rPois    .         Spirit   .   g - +0 helmet
rElec    .         Reflect  .   w - +0 cloak
rCorr    .         Harm     .   m - +0 pair of gloves
MR       +....                  (no boots)
Stlth    ..........             (no amulet)
HPRegen  0.00/turn              b - ring of flight
MPRegen  0.10/turn              (no ring)

@: non-regenerating
A: damage resistance, heal wounds, sense surroundings 1, no regeneration
a: Heal Wounds, Evoke Flight


You were on level 6 of the Dungeon.
You were not hungry.

You visited 2 branches of the dungeon, and saw 7 of its levels.
You also visited: Ossuary.

You collected 269 gold pieces.

Inventory:

Hand Weapons
 a - a +1 war axe (weapon)
 l - a +1 whip of holy wrath
Armour
 c - a +0 shield (worn)
 g - a +0 helmet (worn)
 m - a +0 pair of gloves (worn)
 n - a +0 chain mail (worn)
 w - a +0 cloak (worn)
Jewellery
 b - a ring of flight (left hand)
Scrolls
 d - 2 scrolls of enchant armour {unknown}
 e - a scroll of remove curse
 o - 2 scrolls of enchant weapon
 q - 5 scrolls of teleportation
 r - 2 scrolls of fog
 u - a scroll of random uselessness {unknown}
 v - a scroll of amnesia {unknown}
Potions
 h - a potion of ambrosia
 i - 2 potions of agility
 j - 2 potions of flight {unknown}
 k - a potion of curing
 p - a potion of might
 s - a potion of brilliance
 t - a potion of invisibility
Comestibles
 f - 8 rations


   Skills:
 - Level 2.6 Fighting
 * Level 9.3 Axes
 + Level 7.1 Armour
 + Level 7.1 Shields


You had 7 spell levels left.
You didn't know any spells.
Your spell library contained the following spells:

 Spells                   Type           Power        Failure   Level  Hunger
 Confuse                  Hex            #.......     100%        3    ####...
 Tukima's Dance           Hex            #.......     100%        3    ####...
 Confusing Touch          Hex            #.....       100%        1    ##.....
 Ensorcelled Hibernation  Hex/Ice        #.....       100%        2    ###....
 Metabolic Englaciation   Hex/Ice        #.........   100%        5    ######.
 Corona                   Hex            #......      100%        1    ##.....
 Petrify                  Tmut/Erth      #.......     100%        4    #####..
 Dazzling Spray           Conj/Hex       #.....       100%        3    ####...
 Gell's Gravitas          Tloc           #.........   100%        3    ####...
 Yara's Violent Unravell  Hex/Tmut       #.........   100%        5    ######.


Dungeon Overview and Level Annotations

Branches:
Dungeon (6/15)             Temple (1/1) D:6

Altars:
Ashenzari
Cheibriados
Dithmenos
Elyvilon
Fedhas
Gozag
Hepliaklqana
Kikubaaqudgha
Qazlal
Ru
Uskayaw
Wu Jian
Xom
Yredelemnul
Zin
The Shining One


Innate Abilities, Weirdness & Mutations

You are resistant to damage.
You can heal yourself by infusing magical energy.
You passively map a small area around you.
You do not regenerate.


Message History

The jackal zombie bites you.
* * * LOW HITPOINT WARNING * * *
You closely miss the jackal zombie. You block the jackal zombie's attack.
You barely miss the jackal zombie. The jackal zombie barely misses you.
The jackal zombie bites you.
You slash the jackal zombie!
You destroy the jackal zombie!
An orc priest comes into view. It is wielding a dagger.
An orc priest is nearby!
An orc priest is nearby!
The orc priest shouts!
You hear a shout! x2
An orc priest comes into view. It is wielding a flail of crushing.
The orc priest mumbles some strange prayers to Beogh against you.
You resist with significant effort.
The orc priest calls down the wrath of Beogh upon you.
Beogh smites you!
* * * LOW HITPOINT WARNING * * *
The orc priest mumbles some strange prayers to Beogh against you.
Beogh smites you!
You die...

# #., *
###.###
#
.o...#.#
* *
#.#o#.#
#..@..#
*
###.###
, #.# *
#.# #.#
#.# *
###.##
##....#
*
##..#..#


You could see 2 orc priests.

Vanquished Creatures
  Grinder (D:4)
  An orc warrior (D:6)
  A sky beast (D:5)
  4 ogres (D:4)
  2 phantoms (D:4)
  2 elf zombies (D:5)
  An elf skeleton (D:5)
  A scorpion (D:6)
  A crimson imp (D:6)
  A human zombie (D:5)
  A bullfrog skeleton (D:5)
  2 orc wizards (D:6)
  2 human skeletons (D:5)
  2 iguanas
  3 worker ants
  6 big kobold zombies (Ossuary)
  A mummy (Ossuary)
  A worker ant zombie (D:6)
  5 gnolls
  2 howler monkey skeletons
  8 adders
  2 oozes
  2 adder skeletons
  3 worms (D:2)
  A dart slug (D:4)
  2 leopard geckos
  16 orcs
  3 spectral bats (Ossuary)
  A ball python (D:2)
  4 giant cockroaches
  12 goblins
  13 hobgoblins
  12 jackals
  7 kobolds
  3 quokkas
  8 bats
  2 bat simulacra (Ossuary)
  4 frilled lizards
  6 gnoll zombies (Ossuary)
  2 goblin zombies (Ossuary)
  3 hobgoblin zombies (Ossuary)
  A jackal zombie (D:6)
  4 kobold simulacra (Ossuary)
  5 kobold zombies (Ossuary)
  2 orc skeletons (D:5)
  10 orc zombies
  A quokka skeleton (D:5)
  6 rats
  5 rat simulacra (Ossuary)
  4 spectral goblins (Ossuary)
  2 spectral kobolds (Ossuary)
  7 spectral rats (Ossuary)
201 creatures vanquished.

Vanquished Creatures (others)
  A hobgoblin zombie (Ossuary)
  A plant (D:6)
2 creatures vanquished.

Grand Total: 203 creatures vanquished

Notes
Turn   | Place    | Note
-------+----------+-------------------------------------------
     0 | D:1      | KristoblXynda the Deep Dwarf Fighter began the quest for the Orb.
     0 | D:1      | Reached XP level 1. HP: 20/20 MP: 1/1
    47 | D:1      | Reached XP level 2. HP: 12/27 MP: 2/2
    89 | D:1      | Reached skill level 3 in Axes
   331 | D:1      | Reached XP level 3. HP: 9/33 MP: 3/3
   784 | D:2      | Reached XP level 4. HP: 35/40 MP: 4/4
   978 | D:2      | Reached skill level 4 in Axes
  1240 | D:2      | Found an ornate altar of the Wu Jian Council.
  1398 | D:3      | Reached XP level 5. HP: 46/46 MP: 4/4
  1545 | D:3      | You fall through a shaft for 3 floors!
  1768 | D:6      | Noticed an orc warrior
  1769 | D:6      | Found a staircase to the Ecumenical Temple.
  1804 | Temple   | Entered the Ecumenical Temple
  1935 | D:6      | Reached skill level 5 in Axes
  1938 | D:6      | Killed an orc warrior
  1938 | D:6      | Reached XP level 6. HP: 39/55 MP: 5/5
  2024 | D:6      | Noticed an orc warrior
  2038 | D:5      | Entered Level 5 of the Dungeon
  2075 | D:5      | Noticed a sky beast
  2091 | D:5      | Killed a sky beast
  2256 | D:5      | Reached skill level 6 in Axes
  2256 | D:5      | Reached skill level 5 in Armour
  2256 | D:5      | Reached skill level 5 in Shields
  2297 | D:5      | Reached XP level 7. HP: 43/61 MP: 6/6
  2362 | D:5      | Found a sand-covered staircase.
  2381 | Ossuary  | Entered an ossuary
  2696 | Ossuary  | Reached skill level 7 in Axes
  3081 | D:5      | Found a stormy altar of Qazlal.
  3729 | D:4      | Found a shattered altar of Ashenzari.
  3762 | D:4      | Reached XP level 8. HP: 29/68 MP: 7/7
  3768 | D:4      | Found a glowing golden altar of the Shining One.
  3789 | D:4      | Noticed Grinder
  3804 | D:4      | Paralysed by Grinder for 6 turns
  3834 | D:4      | Paralysed by Grinder for 7 turns
  3849 | D:4      | Killed Grinder
  3849 | D:4      | Reached skill level 8 in Axes
  4081 | D:4      | Found a sacrificial altar of Ru.
  4127 | D:4      | Found a glowing silver altar of Zin.
  4211 | D:4      | Reached skill level 9 in Axes
  4867 | D:6      | Found a hide-covered altar of Uskayaw.
  4900 | D:6      | Found a blossoming altar of Fedhas.
  4955 | D:6      | Killed from afar by an orc priest

Vault maps used:
D:1:      minmay_arrival_radiant_lines, minmay_tromino_i2
D:2:      overflow_temple_1_default, guppyfry_early_orc_mine
D:4:      zin_statuary, kennysheep_mini_moat, nicolae_tso_carved_into_rock,
          nicolae_ashenzari_panopticon, uniq_grinder
D:5:      grunt_qazlal_sundering, nicolae_ossuary_entry_catacombs, first_ration
D:6:      overflow_temple_1_default, tgw_sif, fedhas_altar_4,
          minmay_temple_entry_overgrown
Temple:   nicolae_temple_figure_zero
Ossuary:  ossuary_zaba_two_paths

Skill      XL: |  1  2  3  4  5  6  7  8 |
---------------+-------------------------+-----
Axes           | 3 4 5 6 7 9 |  9.3
Armour         | 4 5 6 7 |  7.1
Shields        | 4 5 6 7 |  7.1
Fighting       | |  2.6

Action                   |  1- 3 |  4- 6 |  7- 9 || total
-------------------------+-------+-------+-------++-------
Melee: War axe           |   130 |   167 |   179 ||   476
       Whip              |       |    55 |   273 ||   328
 Abil: Heal Wounds       |       |     2 |     5 ||     7
  Use: Scroll            |     3 |     3 |     5 ||    11
       Potion            |     1 |     1 |       ||     2
  Eat: Chunk             |       |     5 |     3 ||     8
       Ration            |       |       |     2 ||     2
Armor: Scale mail        |    71 |    35 |       ||   106
       Chain mail        |       |    68 |   157 ||   225
Dodge: Dodged            |    52 |    51 |    76 ||   179
Block: Shield            |    91 |   116 |   179 ||   386

Table legend:
 A = Spawn XP
 B = Non-spawn XP
 C = Spawn XP percentage of total XP
 D = Spawn monster count
 E = Non-spawn monster count
 F = Spawn count percentage of total count
 G = Total turns spent on level
                    A         B        C        D         E        F      G
               +---------+---------+-------+---------+---------+-------+---------
         Total |       0 |    2724 |   0.0 |       0 |     201 |   0.0 |  4955
               +---------+---------+-------+---------+---------+-------+---------
           D:1 |       0 |      69 |   0.0 |       0 |      29 |   0.0 |   722
           D:2 |       0 |      95 |   0.0 |       0 |      33 |   0.0 |   593
           D:3 |       0 |      97 |   0.0 |       0 |      21 |   0.0 |   651
           D:4 |       0 |    1193 |   0.0 |       0 |      21 |   0.0 |   727
           D:5 |       0 |     641 |   0.0 |       0 |      17 |   0.0 |  1029
           D:6 |       0 |     403 |   0.0 |       0 |      21 |   0.0 |   513
        Temple |       0 |       6 |   0.0 |       0 |       2 |   0.0 |   129
       Ossuary |       0 |     220 |   0.0 |       0 |      57 |   0.0 |   591
               +---------+---------+-------+---------+---------+-------+---------
